 Dungeon Crawl Stone Soup version 0.29-b1-12-g9e2288ab2a (webtiles) character file.

Game seed: 9649002267507479459

29 Zeldest the Sneak (level 3, 0/23 (26) HPs)
             Began as an Octopode Delver on Aug 24, 2022.
             Slain by a necrophage (6 damage)
             ... on level 5 of the Dungeon.
             The game lasted 00:00:53 (40 turns).

Zeldest the Sneak (Octopode Delver)                   Turns: 40, Time: 00:00:53

HP:   0/23 (26)     AC:  1    Str: 11    XL:     3   Next: 16%
MP:   3/3           EV: 13    Int: 14    God:
Gold: 13            SH:  0    Dex: 13    Spells: 2/2 levels left

rFire   . . .      SeeInvis .   g - +0 dagger
rCold   . . .      Faith    .   (no shield)
rNeg    . . .      Spirit   .   (helmet restricted)
rPois   .          Reflect  .   (no amulet)
rElec   .          Harm     .   (no ring)
rCorr   .          Rampage  .   (no ring)
Will    .....                   (no ring)
Stlth   ++++......              (no ring)
HPRegen 0.07/turn               (no ring)
MPRegen 0.08/turn               (no ring)
                                (no ring)
                                (no ring)

@: heavily drained
A: almost no armour, amphibious, 8 rings, camouflage 1, gelatinous body 1,
(nimble swimmer 1), tentacles
a: no special abilities


You were on level 5 of the Dungeon.
You visited 1 branch of the dungeon, and saw 1 of its levels.

You collected 13 gold pieces.

Inventory:

Hand Weapons
 g - a +0 dagger (weapon)
Wands
 f - a wand of digging (3)
Scrolls
 a - a scroll of enchant armour {unknown}
 b - a scroll of fog
 c - a scroll of magic mapping
 d - 2 scrolls of fear
Potions
 e - a potion of haste


   Skills:
 + Level 3.6 Fighting
 - Level 2.0 Short Blades
 + Level 2.8 Dodging
 - Level 6.6 Stealth


You had 2 spell levels left.
You didn't know any spells.
Your spell library was empty.

Dungeon Overview and Level Annotations

Branches:
Dungeon (5/15)
 Temple: D:4-7

Altars:


Innate Abilities, Weirdness & Mutations

You cannot wear most types of armour.
You are amphibious.
You can wear up to eight rings at the same time.
Your skin changes colour to match your surroundings (Stealth+).
Your rubbery body absorbs attacks. (AC +1, EV +1)
((You are camouflaged when in or above water. (Stealth+)))
You have tentacles for arms and can constrict up to eight enemies at once.


Message History

You see here a +0 dagger.
g - a +0 dagger (weapon)
You drop a +0 short sword.
You now have 13 gold pieces.
You see here a +0 short sword.
A worm comes into view.
d - 2 scrolls of fear (gained 1)
a - a scroll labelled UXUBIE YSTROSAB An iguana comes into view.
The helpless worm fails to defend itself.
You impale the worm!!
You kill the worm!
A necrophage comes into view.
The helpless iguana fails to defend itself.
You impale the iguana!!
You kill the iguana!
You have reached level 2!
You have reached level 3!
Your experience leads to an increase in your attributes!
Increase (S)trength, (I)ntelligence, or (D)exterity?
You feel clever. x2
The necrophage hits you!
You feel drained.
You hit the necrophage. You grab the necrophage. You squeeze the necrophage.
The necrophage is lightly damaged.
You constrict the necrophage. The necrophage hits you.
You feel drained.
Okay, then.
You hit the necrophage but do no damage.
The necrophage is lightly damaged.
You constrict the necrophage. The necrophage barely misses you.
You hit the necrophage. You squeeze the necrophage.
The necrophage is moderately damaged.
You constrict the necrophage. The necrophage hits you.
* * * LOW HITPOINT WARNING * * *
You hit the necrophage. You squeeze the necrophage.
The necrophage is severely damaged.
You constrict the necrophage. You hit the necrophage.
The necrophage is severely damaged.
You constrict the necrophage. The necrophage hits you.
You die...

... ... #.#
#.# #.#
##.## #..n#
##@##
##...##
#..#..#
##...##
##.#.#.##
#.......#
###.#.###
#.......##
#?#.#.#.#.#


You could see a necrophage.

Vanquished Creatures
  An iguana (D:5)
  A worm (D:5)
2 creatures vanquished.

Notes
Turn   | Place    | Note
-------+----------+-------------------------------------------
     0 | D:5      | Zeldest the Octopode Delver began the quest for the Orb.
     0 | D:5      | Reached XP level 1. HP: 16/16 MP: 1/1
    29 | D:5      | Noticed an iguana
    33 | D:5      | Noticed a necrophage
    34 | D:5      | Killed an iguana
    35 | D:5      | Reached XP level 2. HP: 21/21 MP: 2/2
    35 | D:5      | Reached XP level 3. HP: 26/26 MP: 3/3
    40 | D:5      | Slain by a necrophage

Illustrated notes

Levels and vault maps discovered:
D:5:      minmay_spotlight, layout_gridville, dreamdust_wishing_well

Action                   || total
-------------------------++-------
Melee: Dagger            ||     7
       Tentacles         ||     3
       Constrict         ||     1
 Stab: Sleeping          ||     2
Dodge: Dodged            ||     1
